 Dungeon Crawl Stone Soup version 0.21-a0-153-g78480df (webtiles) character file.

1466335 GordonOverkill the Corrupter of Planes (level 27, 264/264 HPs)
             Began as a Formicid Abyssal Knight on July 31, 2017.
             Was the Champion of Lugonu.
             Escaped with the Orb
             ... and 3 runes on Aug 1, 2017!
             The game lasted 04:42:35 (103368 turns).

GordonOverkill the Corrupter of Planes (FoAK)     Turns: 103368, Time: 04:42:36

Health: 264/264    AC: 42    Str: 24    XL:     27
Magic:  45/48      EV: 13    Int: 20    God:    Lugonu [******]
Gold:   4087       SH: 21    Dex: 14    Spells: 26/26 levels left

rFire    + + .     SeeInvis +   w - +9 great mace (crush)
rCold    + . .     Gourm    .   M - +0 large shield
rNeg     . . .     Faith    .   U - +11 gold dragon scales
rPois    +         Spirit   .   (helmet unavailable)
rElec    .         Reflect  .   t - scarf {repulsion}
rCorr    +         Harm     .   m - +1 pair of gloves
MR       ++...                  y - +1 pair of boots
Stlth    ..........             H - amulet of Vitality {Regen+ HP+15}
HPRegen  0.94/turn              J - ring "Liq Ramn" {rCorr Int+4 Slay+3 Stlth+}
MPRegen  0.31/turn              o - ring of protection from fire

@: repel missiles
A: permanent stasis, dig shafts and tunnels, four strong arms, antennae 3,
clever 1, high mp 2, wild magic 1
0: Orb of Zot
}: 3/15 runes: decaying, slimy, gossamer
a: Dig, Shaft Self, Depart the Abyss, Bend Space, Banish, Corrupt, Enter the
Abyss, Brand Weapon With Distortion, Renounce Religion


You escaped.
You worshipped Lugonu.
Lugonu was exalted by your worship.
You were not hungry.

You visited 9 branches of the dungeon, and saw 51 of its levels.
You visited the Abyss 7 times.

You collected 6661 gold pieces.
You spent 2574 gold pieces at shops.

Inventory:

Hand Weapons
 s - a +8 demon whip of electrocution
 w - a +9 great mace of crushing (weapon)
Missiles
 T - 3 throwing nets (quivered)
Armour
 m - a +1 pair of gloves (worn)
 t - a scarf of repulsion (worn)
 y - a +1 pair of boots (worn)
 M - a +0 large shield (worn)
 U - +11 gold dragon scales (worn)
Jewellery
 l - the ring of Spite {MR+ Int+2 Dex+3}
   (You found it on level 5 of the Pits of Slime)

   [ring of protection from magic]

   It affects your intelligence (+2).
   It affects your dexterity (+3).
   It affects your resistance to hostile enchantments.
 o - a ring of protection from fire (right hand)
 E - the ring "Ronyliof" {+Fly rC+ Str+4 Stlth+}
   (You found it on level 15 of the Dungeon)

   [ring of flight]

   It affects your strength (+4).
   It protects you from cold.
   It lets you fly.
   It makes you more stealthy.
 H - the amulet of Vitality (around neck) {Regen+ HP+15}
   (You took it off a tengu warrior on level 2 of the Depths)

   [amulet of regeneration]

   It affects your health (+15).
   It increases your rate of regeneration.
 J - the ring "Liq Ramn" (left hand) {rCorr Int+4 Slay+3 Stlth+}
   (You found it on level 5 of the Pits of Slime)

   [ring of resist corrosion]

   It affects your intelligence (+4).
   It affects your accuracy and damage with ranged weapons and melee attacks
   (+3).
   It makes you more stealthy.
 X - a +6 ring of evasion
Wands
 e - a wand of iceblast (7/15)
 p - a wand of acid (9/15)
 r - a wand of paralysis (12/24)
 u - a wand of iceblast (9/15)
 A - a wand of iceblast (8/15)
Scrolls
 b - a scroll of magic mapping
 n - 6 scrolls of recharging
 q - 3 scrolls of brand weapon
 x - 2 scrolls of amnesia
 F - 4 scrolls of fear
 L - 16 scrolls of identify
 R - a scroll of fog
 V - 19 scrolls of remove curse
 W - 4 scrolls of summoning
Potions
 a - 5 potions of mutation
 d - 13 potions of curing
 f - 11 potions of ambrosia
 h - 3 potions of flight
 i - 7 potions of heal wounds
 k - 6 potions of magic
 v - a potion of agility
 D - 5 potions of might
 G - 5 potions of brilliance
 I - 5 potions of invisibility
 N - 4 potions of cancellation
Books
 Y - a book of Enchantments

   Spells                             Type                      Level
   a - Cause Fear                     Hexes                        4
   b - Yara's Violent Unravelling     Hexes/Transmutation          5
   c - Silence                        Hexes/Air                    5
   d - Deflect Missiles               Charms/Air                   6
   e - Discord                        Hexes                        8
Miscellaneous
 g - a fan of gales
 j - a sack of spiders
 K - a lamp of fire
 P - a lamp of fire
 S - a phial of floods
 Z - a phantom mirror
Comestibles
 c - 22 bread rations
 C - 6 meat rations


   Skills:
 O Level 27 Fighting
 - Level 20.1 Maces & Flails
 - Level 23.6 Armour
 + Level 12.7 Dodging
 - Level 16.0 Shields
 O Level 27 Invocations
 - Level 7.2 Evocations


You had 26 spell levels left.
You didn't know any spells.

Dungeon Overview and Level Annotations

Branches:
Dungeon (15/15)            Temple (0/1) D:5            Lair (6/6) D:11
  Swamp (4/4) Lair:2       Spider (4/4) Lair:4        Slime (5/5) Lair:6
    Orc (2/2) D:11            Elf (0/3) Orc:2        Vaults (5/5) D:14
  Crypt (0/3) Vaults:2     Depths (5/5) D:15            Zot (5/5) Depths:5

Altars:
Ashenzari
Cheibriados
Dithmenos
Fedhas
Hepliaklqana
Makhleb
Nemelex Xobeh
Vehumet
Wu Jian
The Shining One
Beogh
Jiyva

Shops:
D:12 *   D:13 *   D:15 ?   Orc:2 :[?(   Vaults:2 ?   Depths:2 !

Portals:
Hell: Depths:1 Depths:2 Depths:3 Depths:4 Depths:5
Abyss: Depths:4 Depths:5
Pandemonium: Depths:3
Ziggurat: Depths:5

Annotations:
D:1 corrupted
D:4 exclusion: statue
D:8 1 runed door
Lair:1 exclusion: oklob plant
Lair:2 1 runed door
Slime:5 corrupted, Royal Jelly
Vaults:2 exclusion: door
Abyss:1 Nergalle


Innate Abilities, Weirdness & Mutations

You cannot be hasted, slowed, berserked, paralysed or teleported.
You can dig through walls and to a lower floor.
Your four strong arms can wield two-handed weapons with a shield.
You have a pair of large antennae on your head. (SInv)
Your mind is acute. (Int +2)
You have a considerably increased reservoir of magic. (+20% MP)
Your spells are a little harder to cast, but a little more powerful.


Message History

You block the thrashing horror's attack.
The thrashing horror tramples you but does no damage.
The thrashing horror completely misses something. x2
Something hits the thrashing horror!!!
Something closely misses the thrashing horror.
Something hits the thrashing horror.
The thrashing horror is destroyed!
Something hits the small abomination!!
The small abomination is destroyed!
A starcursed mass splits.
The thrashing horror completely misses something. x2
Something hits the thrashing horror!
The thrashing horror completely misses something. x2
A starcursed mass splits.
The thrashing horror misses something. x2
A bolt of energy appears from out of your range of vision.
The smoke demon gestures at something.
There is an escape hatch in the floor here.
There is a staircase leading out of the dungeon here.
You have escaped!

#.....................#
..........###'###+###.#
..#.....#...'.....+.#.#
..........#.#######.#.#
..3.........[..+......#
..──.L.#..#.#+#####.#.#
.#.#>5..5...+.....'.#.#
...zhX##x.##......###.#
.#4X##XXX.).#..>@.#÷'.#
.#.2ex3X3X........###.#
#.ZX#X##..#.......#.#.#
.{.{{{##.§#.#######.#.#


45{{X{ ##......#....'.# 4#D#{#{#....#######.### ..........#.#.....'.#
#....########.###'### .....#### #...#.# You could see a neutral starcursed mass.

Vanquished Creatures
  3 ancient liches
  3 orbs of fire
  2 greater mummies (Depths:2)
  Bai Suzhen (Swamp:4)
  Frederick (Depths:3)
  Margery (Vaults:4)
  3 curse toes (Zot:4)
  2 Killer Klowns (Zot:5)
  Jory (Vaults:4)
  8 golden dragons
  Arachne (Spider:2)
  A bone dragon (Abyss:1)
  4 electric golems
  20 tentacled monstrosities
  6 liches
  22 Orb Guardians
  A titan (Vaults:3)
  7 quicksilver dragons
  18 acid blobs
  Frances (Spider:1)
  4 sphinxes (Depths:2)
  2 tentacled starspawn (Abyss:1)
  Agnes (Spider:3)
  7 death cobs
  3 thorn hunters (Swamp:3)
  2 tengu reavers
  Roxanne (Spider:1)
  15 storm dragons
  13 shadow dragons
  2 azure jellies
  11 fire giants
  6 draconian monks
  8 ghost moths
  Louise (Spider:2)
  15 vault wardens
  5 frost giants
  11 emperor scorpions
  An iron dragon (Depths:5)
  An orc warlord (Orc:1)
  18 draconian scorchers
  A deep elf sorcerer (Vaults:4)
  2 draconian stormcallers
  5 draconian knights
  A deep elf elementalist (Vaults:4)
  Aizul (Depths:1)
  12 draconian shifters
  11 draconian annihilators
  12 ironheart preservers
  A war gargoyle (Vaults:4)
  25 very ugly things
  A vampire knight (Depths:3)
  2 spriggan defenders (Depths:4)
  29 stone giants
  2 entropy weavers
  14 green draconians
  18 white draconians
  15 yellow draconians
  A deep elf demonologist (Depths:5)
  A deep elf annihilator (Vaults:4)
  15 black draconians
  2 dire elephants (Lair:2)
  4 lorocyprocas
  3 spark wasps
  12 purple draconians
  A blizzard demon (Abyss:1)
  17 red draconians
  13 fire dragons
  4 mummy priests (Depths:2)
  2 merfolk javelineers
  14 ettins
  2 deep elf high priests
  17 yaktaur captains
  14 great orbs of eyes
  6 starcursed masses (Abyss:1)
  4 rakshasas
  35 vault guards
  10 ice dragons
  Harold (D:10)
  28 hydras
  18 centaur warriors
  3 spriggan air magi
  14 deep troll shamans
  22 ogre magi
  A death yak (shapeshifter) (Vaults:5)
  7 dancing weapons (Spider:3)
  3 death knights
  72 two-headed ogres
  8 tengu warriors
  16 deep troll earth magi
  13 alligators
  2 vampire magi
  8 death yaks
  A two-headed ogre (shapeshifter) (Depths:1)
  5 orc high priests (Orc:2)
  14 spriggans
  22 hell knights
  8 spriggan berserkers
  2 thrashing horrors (Abyss:1)
  2 sun demons
  5 deep elf knights
  3 wretched stars (Abyss:1)
  2 soul eaters
  3 shadow wraiths
  A skeletal warrior (Vaults:2)
  2 sixfirhies (Abyss:1)
  8 iron trolls
  3 unseen horrors
  A sea snake (shapeshifter) (Abyss:1)
  4 flayed ghosts
  6 spriggan druids
  4 glowing orange brains
  A deep troll (shapeshifter) (Vaults:1)
  36 deep trolls
  A lindwurm (shapeshifter) (Vaults:2)
  2 orange crystal statues (Zot:2)
  15 ironbrand convokers
  9 swamp dragons
  7 wizards
  2 shambling mangroves
  4 deep elf archers
  A shadow dragon zombie (Depths:1)
  4 phantasmal warriors
  Pikel (D:8)
  A mana viper (Abyss:1)
  18 orb spiders
  8 necromancers
  34 wolf spiders
  16 orc knights
  A tengu skeleton (Depths:1)
  4 harpies (Vaults:2)
  A lindwurm (Lair:6)
  2 wolf spider zombies
  7 orc sorcerers
  12 deep elf magi
  A harpy (shapeshifter) (D:14)
  36 ugly things
  3 worldbinders (Abyss:1)
  A manticore (D:15)
  A glowing shapeshifter (Depths:2)
  9 oklob plants
  2 fire giant zombies
  6 cyclopes
  A moth of wrath (shapeshifter) (Depths:5)
  A shining eye (Slime:4)
  5 elephants
  A centaur zombie (D:14)
  32 moths of wrath
  An eye of devastation (Slime:5)
  A rust devil (Depths:3)
  A spriggan zombie (Depths:1)
  10 black mambas
  A guardian serpent (shapeshifter) (Depths:5)
  An apocalypse crab (Abyss:1)
  10 vault sentinels
  Joseph (D:10)
  A guardian serpent (Abyss:1)
  24 spiny frogs
  2 molten gargoyles (Lair:6)
  2 gargoyles
  4 smoke demons
  A yaktaur (shapeshifter) (Vaults:2)
  4 kobold demonologists
  2 orange demons
  14 komodo dragons
  A hellwing (Depths:3)
  10 rime drakes
  2 ice devils
  3 ancient zymes (Abyss:1)
  65 yaktaurs
  11 freezing wraiths
  11 demonic crawlers
  A yaktaur skeleton (Vaults:1)
  2 tengu conjurers (D:14)
  37 jumping spiders
  4 guardian mummies (Depths:2)
  9 trolls
  2 polar bears (Lair:6)
  A jumping spider (shapeshifter) (Depths:2)
  110 slime creatures
  A troll (shapeshifter) (Vaults:3)
  29 hornets
  8 tyrant leeches
  Prince Ribbit (D:8)
  A deep troll zombie (Depths:1)
  9 bog bodies
  3 dream sheep
  21 blink frogs
  9 raiju (Abyss:1)
  10 hippogriffs
  A stone giant simulacrum (Depths:1)
  A frost giant simulacrum (Vaults:2)
  19 large abominations (Abyss:1)
  92 redbacks
  13 water elementals
  4 shadows
  5 wraiths
  A centaur simulacrum (D:15)
  32 tarantellas
  Sigmund (D:2)
  6 basilisks
  5 air elementals (Depths:5)
  24 yaks
  8 golden eyes
  3 hogs (shapeshifter)
  A chaos spawn (Abyss:1)
  6 wyverns
  A steam dragon (Lair:6)
  3 hungry ghosts
  An elf zombie (Vaults:1)
  8 wargs
  19 vampire mosquitoes
  A swamp worm (shapeshifter) (Depths:4)
  A warg (shapeshifter) (Depths:4)
  A neqoxec (Depths:3)
  35 insubstantial wisps
  A naga (shapeshifter) (Vaults:2)
  A spiny frog zombie (Abyss:1)
  4 acid dragons
  26 swamp worms
  2 soldier ants
  15 water moccasins
  7 hell hounds
  7 porcupines
  17 swamp drakes
  A human zombie (Vaults:1)
  A hornet zombie (D:14)
  2 ice beasts
  56 orc warriors
  A phantom (D:13)
  11 sky beasts
  2 black bears
  3 eyes of draining
  A necrophage (D:9)
  69 ogres
  2 elephant zombies (Lair:3)
  4 wolves (Lair:1)
  13 boggarts
  29 centaurs
  20 crocodiles
  A human skeleton (Vaults:1)
  A komodo dragon zombie (Lair:3)
  A big kobold (shapeshifter) (Vaults:4)
  6 big kobolds
  15 small abominations (Abyss:1)
  19 bullfrogs
  3 wyvern skeletons (D:14)
  9 scorpions
  5 killer bees
  13 wights
  3 electric eels
  2 howler monkeys
  5 lava snakes (Lair:6)
  11 crimson imps
  6 quasits
  2 human simulacra
  A basilisk zombie (Lair:3)
  9 jellies
  6 hounds
  40 orc priests
  5 bullfrog zombies
  2 iron imps (Abyss:1)
  30 orc wizards
  A bullfrog skeleton (D:11)
  5 centaur skeletons
  5 iguanas
  2 lightning spires (Zot:2)
  5 hell rats (Lair:4)
  17 worker ants
  A mummy (Depths:2)
  A howler monkey zombie (D:7)
  A worker ant zombie (D:11)
  13 adders
  5 shadow imps
  2 white imps
  5 ufetubi
  An ooze (D:3)
  2 adder skeletons
  An adder zombie (D:5)
  14 worms (Spider:3)
  2 dart slugs (D:1)
  6 leopard geckos
  171 orcs
  11 bats
  10 giant cockroaches
  6 goblins
  8 hobgoblins
  6 jackals
  7 quokkas
  4 ball pythons
  7 frilled lizards
  21 kobolds
  7 rats
  5 briar patches (Swamp:3)
  A fungus (Lair:5)
2736 creatures vanquished.

Vanquished Creatures (others)
  2 Orb Guardians (D:1)
  An acid blob (Slime:5)
  A fire giant (Depths:1)
  An azure jelly (shapeshifter) (Slime:5)
  3 vault wardens
  An emperor scorpion (Spider:4)
  An entropy weaver (Spider:2)
  An ettin (D:15)
  A great orb of eyes (Slime:5)
  4 hydras
  A centaur warrior (D:8)
  2 ice dragons (Depths:4)
  An alligator snapping turtle (Slime:5)
  4 two-headed ogres
  A deep troll earth mage (Depths:4)
  A deep elf knight (Vaults:4)
  2 hell knights
  A swamp dragon (Swamp:4)
  4 orb spiders (Spider:1)
  A deep elf archer (Vaults:2)
  A deep elf mage (Vaults:2)
  An orc sorcerer (Orc:1)
  2 cyclopes
  2 vault sentinels (Vaults:2)
  A tengu conjurer (D:15)
  A troll (D:12)
  2 hornets
  4 slime creatures (Slime:5)
  A tarantella (Spider:1)
  A redback (Spider:1)
  A ynoxinul (D:1)
  4 slaves (D:8)
  4 orc warriors (D:7)
  An eye of draining (Slime:5)
  2 centaurs
  4 killer bees (D:9)
  2 crimson imps (D:8)
  A centaur skeleton (D:8)
  A hound skeleton (D:8)
  An adder (D:8)
  A briar patch (Swamp:3)
  14 fungi
  64 plants
  8 starspawn tentacles
  10 toadstools (Lair:2)
168 creatures vanquished.

Grand Total: 2904 creatures vanquished

Notes
Turn   | Place    | Note
-------+----------+-------------------------------------------
     0 | Abyss:1  | GordonOverkill the Formicid Abyssal Knight began the quest for the Orb.
     0 | Abyss:1  | Reached XP level 1. HP: 18/18 MP: 2/2
   144 | Abyss:1  | Noticed a starcursed mass
   146 | Abyss:1  | Noticed a large abomination
   147 | D:1      | Escaped the Abyss
   450 | D:1      | Reached XP level 2. HP: 19/24 MP: 3/3
   577 | D:1      | Reached * piety under Lugonu
   769 | D:1      | Reached XP level 3. HP: 21/29 MP: 4/4
  2079 | D:2      | Reached XP level 4. HP: 21/35 MP: 6/6
  2254 | D:2      | Noticed Sigmund
  3680 | D:3      | Reached XP level 5. HP: 37/42 MP: 7/7
  3751 | D:3      | You fall through a shaft for 2 floors!
  3751 | D:5      | Entered Level 5 of the Dungeon
  4123 | D:5      | Noticed an ogre
  4226 | D:5      | Reached XP level 6. HP: 28/48 MP: 8/8
  4362 | D:5      | Reached ** piety under Lugonu
  4558 | D:5      | Found a shattered altar of Ashenzari.
  4613 | D:5      | Reached skill level 5 in Maces & Flails
  5117 | D:4      | Found a radiant altar of Vehumet.
  5161 | D:3      | Reached XP level 7. HP: 44/55 MP: 10/10
  5929 | D:2      | Killed Sigmund
  5929 | D:2      | Reached skill level 5 in Fighting
  6405 | D:4      | Found a hazy altar of Hepliaklqana.
  6410 | D:4      | Found a glowing golden altar of the Shining One.
  6466 | D:4      | Reached skill level 5 in Invocations
  6692 | D:4      | Found a burning altar of Makhleb.
  7754 | D:5      | Reached XP level 8. HP: 59/62 MP: 11/11
  8319 | D:5      | Found a staircase to the Ecumenical Temple.
  8897 | D:6      | Reached *** piety under Lugonu
  9228 | D:6      | Reached XP level 9. HP: 68/71 MP: 13/13
 13273 | D:7      | Reached XP level 10. HP: 38/79 MP: 16/16
 13789 | D:8      | Found a runed door.
 13796 | D:8      | Noticed Prince Ribbit
 13811 | D:8      | Killed Prince Ribbit
 14026 | D:8      | Found a runed door.
 14085 | D:8      | Noticed Pikel
 14128 | D:8      | Killed Pikel
 14386 | D:8      | Reached skill level 10 in Maces & Flails
 14438 | D:8      | Reached skill level 10 in Invocations
 14869 | D:8      | Noticed a centaur warrior
 14882 | D:8      | Banished a centaur warrior
 15030 | D:8      | Found an ornate altar of the Wu Jian Council.
 15039 | D:8      | Found a sparkling altar of Nemelex Xobeh.
 15664 | D:9      | Reached **** piety under Lugonu
 15901 | D:9      | Reached XP level 11. HP: 20/87 MP: 0/19
 16507 | D:9      | You fall through a shaft for 3 floors!
 17133 | D:10     | Entered Level 10 of the Dungeon
 17261 | D:10     | Noticed Harold
 17293 | D:10     | Killed Harold
 18277 | D:9      | Noticed a two-headed ogre
 18278 | D:9      | Banished a two-headed ogre
 18313 | D:10     | Noticed an unseen horror
 18365 | D:10     | Killed an unseen horror
 18975 | D:10     | Noticed Joseph
 19008 | D:10     | Killed Joseph
 19044 | D:10     | Noticed a cyclops
 19044 | D:10     | Banished a cyclops
 19228 | D:11     | Noticed a cyclops
 19336 | D:11     | Noticed a two-headed ogre
 19341 | D:11     | Banished a two-headed ogre
 19378 | D:11     | Banished a cyclops
 19731 | D:11     | Reached skill level 5 in Armour
 19959 | D:11     | Reached XP level 12. HP: 74/95 MP: 21/21
 20258 | D:11     | Found a staircase to the Orcish Mines.
 20439 | D:11     | Found a staircase to the Lair.
 20513 | D:11     | Noticed a two-headed ogre
 20539 | D:11     | Banished a two-headed ogre
 21161 | D:12     | Noticed an unseen horror
 21326 | D:12     | Killed an unseen horror
 21833 | D:12     | Reached skill level 10 in Fighting
 22315 | D:12     | Found Qaxyaggaext's General Store.
 22321 | D:12     | Bought a wand of paralysis (11/24) for 234 gold pieces
 23005 | D:13     | Noticed a four-headed hydra
 23171 | D:11     | Found a staircase to the Orcish Mines.
 23203 | Orc:1    | Entered Level 1 of the Orcish Mines
 23203 | Orc:1    | Found a roughly hewn altar of Beogh.
 23664 | D:11     | Noticed a two-headed ogre
 23678 | D:11     | Banished a two-headed ogre
 24434 | Lair:1   | Entered Level 1 of the Lair of Beasts
 25522 | Lair:1   | Noticed Nergalle
 25552 | Lair:1   | Banished Nergalle
 25903 | Lair:1   | Noticed an eight-headed hydra
 25913 | Lair:1   | Banished an eight-headed hydra
 25913 | Lair:1   | Reached XP level 13. HP: 95/104 MP: 23/23
 26547 | Lair:1   | Noticed an eight-headed hydra
 26548 | Lair:1   | Banished an eight-headed hydra
 26884 | Lair:1   | Found a blossoming altar of Fedhas.
 27457 | Lair:2   | Found a staircase to the Swamp.
 29250 | Lair:1   | Noticed a five-headed hydra
 29258 | Lair:1   | Banished a five-headed hydra
 29919 | Lair:2   | Found a runed door.
 30106 | Lair:2   | Noticed a dire elephant
 30131 | Lair:2   | You fall through a shaft!
 30484 | Lair:3   | You fall through a shaft for 2 floors!
 30918 | Lair:5   | Noticed a six-headed hydra
 31167 | Lair:4   | Found a hole to the Spider Nest.
 31198 | Lair:4   | Reached skill level 1 in Evocations
 32044 | Lair:2   | You fall through a shaft for 2 floors!
 33017 | Lair:3   | Reached skill level 15 in Invocations
 35143 | Lair:4   | Reached skill level 1 in Shields
 35230 | Lair:4   | Reached XP level 14. HP: 105/113 MP: 25/25
 36851 | Lair:5   | Reached skill level 5 in Shields
 38438 | Lair:6   | Entered Level 6 of the Lair of Beasts
 38978 | Lair:6   | Reached skill level 15 in Maces & Flails
 40230 | Lair:6   | Reached XP level 15. HP: 119/119 MP: 26/26
 41126 | Lair:6   | Found a large runed door.
 41129 | Lair:6   | Found a large runed door.
 41390 | Lair:6   | Reached skill level 10 in Shields
 41639 | Lair:6   | Found a viscous altar of Jiyva.
 41639 | Lair:6   | Found a staircase to the Slime Pits.
 41977 | Lair:6   | Reached ***** piety under Lugonu
 42347 | Lair:6   | Identified a scroll of acquirement
 42350 | Lair:6   | Got a slimy flail
 42351 | Lair:6   | Identified the +10 flail of Plog {flame, rPois MR+ Str-3 Stlth+} (You acquired it on level 6 of the Lair of Beasts)
 43455 | Lair:2   | Got a transparent chain mail
 43472 | Lair:2   | Identified the +8 chain mail of the Game of Life {rPois} (You found it on level 2 of the Lair of Beasts)
 43714 | D:13     | Found Cann's Assorted Antiques.
 43722 | D:13     | Bought a twitching amethyst amulet for 145 gold pieces
 43722 | D:13     | Bought a scroll of identify for 58 gold pieces
 43722 | D:13     | Identified the amulet "Nokhoc" {Spirit Fragile Dex+4 Slay+2} (You bought it in a shop on level 13 of the Dungeon)
 44663 | D:14     | Found a shadowy altar of Dithmenos.
 44831 | D:14     | Found a gate to the Vaults.
 45523 | D:14     | Reached XP level 16. HP: 84/125 MP: 19/27
 46269 | D:15     | Entered Level 15 of the Dungeon
 46316 | D:15     | Got a heavily runed tin ring
 46319 | D:15     | Identified the ring "Ronyliof" {+Fly rC+ Str+4 Stlth+} (You found it on level 15 of the Dungeon)
 46380 | D:15     | Reached ****** piety under Lugonu
 46732 | D:15     | Found a staircase to the Depths.
 46909 | D:15     | Found Plog's Magic Scroll Shoppe.
 46913 | D:15     | Bought a scroll of enchant weapon for 112 gold pieces
 46913 | D:15     | Bought a scroll of identify for 30 gold pieces
 46913 | D:15     | Bought a scroll of identify for 30 gold pieces
 46913 | D:15     | Bought a scroll of magic mapping for 52 gold pieces
 47467 | Orc:2    | Entered Level 2 of the Orcish Mines
 48119 | Orc:2    | Found a staircase to the Elven Halls.
 49043 | Orc:2    | Found Tym Xae's Book Boutique.
 49097 | Orc:2    | Found a roughly hewn altar of Beogh.
 49218 | Orc:2    | Found Moeny's Antique Armour Shop.
 50056 | Orc:2    | Gained mutation: You are weak. (Str -2) [a neqoxec]
 50211 | Orc:2    | Found a roughly hewn altar of Beogh.
 50303 | Orc:2    | Found Ymoetyv's Magic Scroll Shoppe.
 50368 | Orc:2    | Bought a scroll of fear for 42 gold pieces
 50368 | Orc:2    | Bought a scroll of enchant weapon for 90 gold pieces
 50397 | Orc:2    | Found Diwepsy's Antique Weapon Emporium.
 50474 | Orc:2    | Bought a great mace for 208 gold pieces
 50937 | Swamp:1  | Entered Level 1 of the Swamp
 50959 | Swamp:1  | Reached skill level 15 in Shields
 51064 | Swamp:1  | Reached XP level 17. HP: 95/131 MP: 24/28
 53108 | Swamp:3  | Noticed a thorn hunter
 53124 | Swamp:3  | Killed a thorn hunter
 53553 | Swamp:3  | Noticed a thorn hunter
 53566 | Swamp:3  | Killed a thorn hunter
 54058 | Swamp:3  | Noticed a thorn hunter
 54075 | Swamp:3  | Killed a thorn hunter
 55065 | Swamp:4  | Entered Level 4 of the Swamp
 55609 | Swamp:4  | Reached XP level 18. HP: 126/140 MP: 26/29
 56619 | Abyss:1  | Found a corrupted altar of Lugonu.
 56959 | Swamp:4  | Escaped the Abyss
 56983 | Swamp:4  | Noticed Bai Suzhen
 57047 | Swamp:4  | Killed Bai Suzhen
 57370 | Swamp:4  | Got a decaying rune of Zot
 57724 | Spider:1 | Entered Level 1 of the Spider Nest
 58366 | Spider:1 | Reached skill level 10 in Armour
 58595 | Spider:1 | Noticed Frances
 59149 | Spider:1 | Killed Frances
 60016 | Spider:1 | Noticed Roxanne
 60047 | Spider:1 | Killed Roxanne
 60048 | Spider:1 | Identified Roxanne's Papyrus of Shape Shifting (You took it off Roxanne on level 1 of the Spider Nest)
 60497 | Spider:2 | Reached XP level 19. HP: 110/150 MP: 24/31
 60651 | Spider:2 | Noticed Arachne
 60670 | Spider:2 | Killed Arachne
 60802 | Spider:2 | Noticed Louise
 60832 | Spider:2 | Killed Louise
 63743 | Spider:3 | Found a runed door.
 64285 | Spider:4 | Entered Level 4 of the Spider Nest
 64656 | Spider:4 | Noticed Agnes
 64682 | Spider:3 | Killed Agnes
 65780 | Spider:4 | Reached XP level 20. HP: 157/160 MP: 32/32
 67246 | Spider:4 | Got a gossamer rune of Zot
 67728 | Vaults:1 | Entered Level 1 of the Vaults
 68009 | Vaults:1 | Reached skill level 15 in Fighting
 68219 | Vaults:1 | You fall through a shaft!
 68374 | Vaults:2 | Found Pegaor Xore's Magic Scroll Emporium.
 68383 | Vaults:2 | Bought a scroll of enchant weapon for 105 gold pieces
 68383 | Vaults:2 | Bought a scroll of enchant armour for 105 gold pieces
 68383 | Vaults:2 | Bought a scroll of enchant armour for 105 gold pieces
 68383 | Vaults:2 | Bought a scroll of enchant armour for 105 gold pieces
 68383 | Vaults:2 | Bought a scroll of magic mapping for 49 gold pieces
 69918 | Vaults:2 | Reached skill level 1 in Dodging
 70277 | Vaults:2 | Found a snail-covered altar of Cheibriados.
 70370 | Vaults:2 | Reached XP level 21. HP: 162/170 MP: 31/34
 70598 | Vaults:2 | Found a staircase to the Crypt.
 71407 | Abyss:1  | Noticed a bone dragon
 71418 | Abyss:1  | Killed a bone dragon
 71806 | Abyss:1  | Lost mutation: You are weak. (Str -2) [potion of mutation]
 71806 | Abyss:1  | Gained mutation: Your system is resistant to poisons. (rPois) [potion of mutation]
 71806 | Abyss:1  | Gained mutation: You are partially covered in iridescent scales. (AC +2) [potion of mutation]
 71806 | Abyss:1  | Gained mutation: You are clumsy. (Dex -2) [potion of mutation]
 71806 | Abyss:1  | Gained mutation: You are somewhat resistant to further mutation. [potion of mutation]
 71807 | Vaults:1 | Escaped the Abyss
 72417 | Vaults:1 | Reached skill level 5 in Dodging
 72941 | Vaults:3 | Noticed a Tzitzimitl
 73292 | Vaults:3 | Reached XP level 22. HP: 179/179 MP: 35/35
 73869 | Vaults:3 | Reached skill level 15 in Armour
 75594 | Vaults:4 | Noticed Jory
 75623 | Vaults:4 | Killed Jory
 76307 | Vaults:4 | Noticed Margery
 76327 | Vaults:4 | Killed Margery
 76590 | Vaults:4 | Reached XP level 23. HP: 163/188 MP: 32/37
 78210 | Depths:1 | Entered Level 1 of the Depths
 78934 | Depths:1 | Noticed Aizul
 78994 | Depths:1 | Killed Aizul
 79621 | Depths:1 | Found a gateway to Hell.
 79833 | Depths:1 | Reached XP level 24. HP: 138/199 MP: 31/37
 80268 | Depths:1 | Reached skill level 10 in Dodging
 81821 | Depths:2 | Found Caepesit's Distillery.
 81828 | Depths:2 | Bought a potion of mutation for 192 gold pieces
 81828 | Depths:2 | Bought 2 potions of heal wounds for 240 gold pieces
 81828 | Depths:2 | Bought a potion of ambrosia for 192 gold pieces
 81828 | Depths:2 | Bought a potion of might for 96 gold pieces
 81828 | Depths:2 | Bought a potion of curing for 72 gold pieces
 81828 | Depths:2 | Bought a potion of curing for 72 gold pieces
 81828 | Depths:2 | Bought a potion of heal wounds for 120 gold pieces
 81828 | Depths:2 | Bought a potion of heal wounds for 120 gold pieces
 82076 | Depths:2 | Reached skill level 5 in Evocations
 82510 | Depths:2 | Noticed a greater mummy
 82528 | Depths:2 | Killed a greater mummy
 82587 | Depths:2 | Noticed a greater mummy
 82631 | Depths:2 | Killed a greater mummy
 82864 | Depths:2 | Reached XP level 25. HP: 102/206 MP: 38/38
 83752 | Depths:3 | Noticed Frederick
 83877 | Depths:3 | Killed Frederick
 83940 | Depths:3 | Found a one-way gate leading to the halls of Pandemonium.
 84532 | Depths:3 | Gained mutation: Your body sometimes deteriorates upon taking damage. [a cacodemon]
 84550 | Depths:3 | Lost mutation: Your body sometimes deteriorates upon taking damage. [potion of mutation]
 84550 | Depths:3 | Lost mutation: You are clumsy. (Dex -2) [potion of mutation]
 84550 | Depths:3 | Lost mutation: Your system is resistant to poisons. (rPois) [potion of mutation]
 84550 | Depths:3 | Gained mutation: You are weak. (Str -2) [potion of mutation]
 84550 | Depths:3 | Gained mutation: You have an increased reservoir of magic. (+10% MP) [potion of mutation]
 85526 | Depths:4 | Found a one-way gate to the infinite horrors of the Abyss.
 86096 | Abyss:1  | Found a corrupted altar of Lugonu.
 86139 | Abyss:1  | Found a corrupted altar of Lugonu.
 86569 | Depths:4 | Escaped the Abyss
 86765 | Depths:4 | Reached XP level 26. HP: 211/220 MP: 42/42
 86845 | Depths:4 | Identified the Volume of Intoxication and Flight
 87585 | Depths:5 | Entered Level 5 of the Depths
 88251 | Depths:5 | Found a gateway to a ziggurat.
 88722 | Depths:5 | Escaped the Abyss
 89464 | Depths:5 | Found a gate to the Realm of Zot.
 89898 | Vaults:5 | Entered Level 5 of the Vaults
 89953 | Vaults:4 | Reached XP level 27. HP: 164/231 MP: 43/43
 91725 | Slime:1  | Entered Level 1 of the Pits of Slime
 91730 | Slime:1  | Lost mutation: You are weak. (Str -2) [potion of mutation]
 91730 | Slime:1  | Lost mutation: You are partially covered in iridescent scales. (AC +2) [potion of mutation]
 91730 | Slime:1  | Gained mutation: Your mind is acute. (Int +2) [potion of mutation]
 91730 | Slime:1  | Gained mutation: You occasionally shout uncontrollably at your foes. [potion of mutation]
 91731 | Slime:1  | Lost mutation: Your mind is acute. (Int +2) [potion of mutation]
 91731 | Slime:1  | Lost mutation: You occasionally shout uncontrollably at your foes. [potion of mutation]
 91731 | Slime:1  | Gained mutation: Your flesh is cold resistant. (rC+) [potion of mutation]
 91836 | Slime:5  | Entered Level 5 of the Pits of Slime
 92616 | Slime:5  | Noticed the Royal Jelly
 92809 | Slime:5  | Found a viscous altar of Jiyva.
 92854 | Slime:5  | Corrupted Slime:5
 92874 | Slime:5  | Identified the Guide on Twisted Confrontation
 92896 | Slime:5  | Got a vibrating lead ring
 92897 | Slime:5  | Identified the ring of Spite {MR+ Int+2 Dex+3} (You found it on level 5 of the Pits of Slime)
 92932 | Slime:5  | Got a twitching lead ring
 92933 | Slime:5  | Identified the ring "Liq Ramn" {rCorr Int+4 Slay+3 Stlth+} (You found it on level 5 of the Pits of Slime)
 92964 | Slime:5  | Got a slimy rune of Zot
 93249 | Slime:3  | Gained mutation: You expend magic power (3 MP) to strengthen your wands. [a shining eye]
 93802 | Zot:1    | Entered Level 1 of the Realm of Zot
 94435 | Zot:1    | Noticed an orb of fire
 94625 | Abyss:1  | Found a corrupted altar of Lugonu.
 94873 | Zot:1    | Escaped the Abyss
 95221 | Zot:1    | Escaped the Abyss
 95237 | Zot:1    | Killed an orb of fire
 95648 | Zot:1    | Reached skill level 27 in Invocations
 98968 | Zot:4    | Reached skill level 27 in Fighting
100622 | Zot:5    | Entered Level 5 of the Realm of Zot
100630 | Zot:5    | Noticed an orb of fire
100649 | Zot:5    | Killed an orb of fire
101226 | Zot:5    | Noticed an ancient lich
101249 | Zot:5    | Killed an ancient lich
101403 | Zot:5    | Noticed an ancient lich
101424 | Zot:4    | Killed an ancient lich
101736 | Zot:5    | Noticed an ancient lich
101772 | Zot:5    | Killed an ancient lich
102056 | Zot:5    | Noticed an orb of fire
102057 | Zot:5    | Gained mutation: Armour fits poorly on your strangely shaped body. [an orb of fire]
102061 | Zot:5    | Gained mutation: You are frail. (-10% HP) [an orb of fire]
102063 | Zot:5    | Killed an orb of fire
102077 | Zot:5    | Lost mutation: You are frail. (-10% HP) [potion of mutation]
102077 | Zot:5    | Lost mutation: You expend magic power (3 MP) to strengthen your wands. [potion of mutation]
102077 | Zot:5    | Lost mutation: Your flesh is cold resistant. (rC+) [potion of mutation]
102077 | Zot:5    | Lost mutation: Armour fits poorly on your strangely shaped body. [potion of mutation]
102077 | Zot:5    | Gained mutation: You do not regenerate when monsters are visible. [potion of mutation]
102077 | Zot:5    | Gained mutation: Your flesh is cold resistant. (rC+) [potion of mutation]
102077 | Zot:5    | Gained mutation: You have a considerably increased reservoir of magic. (+20% MP) [potion of mutation]
102078 | Zot:5    | Lost mutation: You are somewhat resistant to further mutation. [potion of mutation]
102078 | Zot:5    | Lost mutation: You do not regenerate when monsters are visible. [potion of mutation]
102078 | Zot:5    | Lost mutation: Your flesh is cold resistant. (rC+) [potion of mutation]
102078 | Zot:5    | Gained mutation: Your spells are a little harder to cast, but a little more powerful. [potion of mutation]
102078 | Zot:5    | Gained mutation: Your mind is acute. (Int +2) [potion of mutation]
102666 | Zot:5    | Got the Orb of Zot
103272 | D:7      | Noticed an ancient lich
103273 | D:7      | Noticed Puisin the pandemonium lord
103349 | D:1      | Noticed Udoum the pandemonium lord
103356 | D:1      | Corrupted D:1
103368 | D:$      | Escaped with the Orb!

Vault maps used:
D:1:      shiori_arrival_maze
D:2:      uniq_sigmund
D:3:      first_bread
D:4:      vehumet_statue, gammafunk_temple_overflow_forgotten
D:5:      overflow_temple_1_default, minmay_temple_entry_butterflies
D:6:      hangedman_abyss_or_decor_passed
D:8:      lemuel_insect_pit, minitemple, serial_glass, glass_columns_a,
          glass_columns_c, uniq_prince_ribbit1, uniq_pikel
D:10:     uniq_joseph, uniq_harold
D:11:     lair_entry_dummy, erik_orc_1
D:12:     serial_shops, shop
D:13:     serial_shops, nicolae_shop_temple_entry_statues_fountains,
          hangedman_ranch
D:14:     kennysheep_room_grid, david_vaults_1, roderic_serpentine_path,
          basic_altar
D:15:     hangedman_depths_entry_civil_slaughter, serial_shops, shop,
          minmay_misc_feat_diagonals, spider_trap, wad_floor_pattern_2
Lair:1:   tgw_fedhas, uniq_nergalle
Lair:2:   gammafunk_lair_enchanted_lake, minmay_swamp_entry_wisps,
          beast_lair_carwin_6, grunt_megastairs_4
Lair:3:   pond_and_an_island_with_a_cottage, minivault_24
Lair:4:   nicolae_spider_entry_orb_guardian, grunt_megastairs_3
Lair:5:   bh_autumn_forest_stairs
Lair:6:   cheibrodos_lair_end_hotspot, slime_altar_1, minmay_lair_oklob_chamber,
          serial_bayou_shore_b, lemuel_fruit_tree, serial_bayou_shore_b
Swamp:1:  evilmike_swamp_ruin_house_2
Swamp:2:  evilmike_swamp_ruin_house_3, swamp_pool1, nicolae_swamp_round_clearing
Swamp:3:  cheibrodos_swamp_heart_of_darkness, hangedman_swamp_ruin_hall,
          infiniplex_staircase_pool
Swamp:4:  swamp_alternative, uniq_bai_suzhen
Spider:1: uniq_frances, uniq_roxanne
Spider:2: uniq_louise, uniq_arachne
Spider:3: cheibrodos_spider_deadly_dance, worms_lemuel
Spider:4: grunt_spider_rune_circles, spider_trap, uniq_agnes
Slime:2:  cheibrodos_slime_lost_civilization_6
Slime:4:  cheibrodos_slime_lost_civilization_10
Orc:1:    mines2_david
Orc:2:    pubby_orc_utopia
Vaults:1: nicolae_vaults_disjoint_gnomons, nicolae_vaults_mini_display_case,
          ontoclasm_vaults_ring_large, nicolae_vaults_angled_halls,
          nicolae_vaults_network_square, v_misc_15, v_alt_pattern_3,
          nicolae_vaults_stairing_the_circle, vaults_mumra_hex,
          nicolae_vaults_border_crossing
Vaults:2: nicolae_vaults_arrows, hangedman_vaults_capsules, v_misc_16,
          minmay_crypt_entry_simple_box, vaults_room_grid, vaults_room_hallway,
          nicolae_vaults_asterisk, serial_shops, nicolae_shop_crystal,
          basic_altar
Vaults:3: nicolae_vaults_little_ls, v_misc_30, vaults_room_pool,
          nicolae_vaults_little_squares_2, nicolae_vaults_network_quinsquares,
          nicolae_vaults_network_s, ontoclasm_vaults_gallery,
          vaults_mumra_chevron_long, v_pattern_4, ontoclasm_vaults_idyll,
          v_misc_13, v_misc_11, ontoclasm_vaults_ring_large, v_alt_pattern_5,
          ontoclasm_vaults_decontamination
Vaults:4: vaults_room_fancy_cross, ontoclasm_vaults_tryst, v_misc_29,
          nicolae_vaults_rhombus_6, vaults_room_boxed, grunt_vaults_diagonal,
          ontoclasm_vaults_eye, nicolae_vaults_octagons,
          ontoclasm_vaults_bender, grunt_vaults_focal, vaults_room_grid,
          hangedman_vaults_impose, ontoclasm_vaults_pinch,
          hangedman_vaults_corner_blocks, v_misc_2,
          vaults_standard_mumra_enter_the_diamond, uniq_jory, uniq_margery
Vaults:5: serial_shops
Depths:1: minmay_crystal_water, pf_hell_entry_great_geh,
          kennysheep_generic_room_2, serial_bayou_shore_a, serial_bayou_shore_b,
          uniq_aizul
Depths:2: ragdoll_tomb_raider, grunt_hell_entry_dis_old, serial_sigils,
          serial_sigils_hangedman_quiver, serial_sigils_hangedman_snap,
          serial_sigils_hangedman_scratch, serial_sigils_hangedman_shear,
          serial_shops, shop, infiniplex_staircase_spiral,
          basic_stair_grate_trap
Depths:3: nicolae_whirlpool, grunt_pan_entry_spiral, hell_entry,
          chequers_big_river, uniq_frederick
Depths:4: evilmike_hourglass, hangedman_coc_ice_floe, abyss_entry,
          minmay_misc_feat_roman
Depths:5: grunt_zot_entry_alcove, enter_ziggurat_c, abyss_entry,
          minmay_misc_feat_more_columns, grunt_metal_band, grunt_megastairs_2
Zot:2:    evilmike_crystal_ball_defense, basic_stair_grate_trap
Abyss:1:  minivault_5, serial_sigils_hangedman_snap

Skill      XL: |  1  2  3  4  5  6  7  8  9 10 11 12 13 14 15 16 17 18 19 20 21 22 23 24 25 26 27 |
---------------+----------------------------------------------------------------------------------+-----
Maces & Flails | 3 4 5 6 7 9 10 11 12 13 15 16 18 19 20 | 20.1
Invocations    | 3 4 5 6 8 10 12 13 15 16 17 18 19 20 21 22 23 24 27 | 27.0
Fighting       | 4 5 6 7 8 9 10 11 12 13 14 15 16 17 18 19 20 22 27 | 27.0
Armour         | 5 6 7 8 10 12 13 14 15 16 17 18 23 | 23.6
Evocations     | 2 6 7 |  7.2
Shields        | 1 9 12 15 16 | 16.0
Dodging        | 2 5 8 9 10 12 | 12.7

Action                   |  1- 3 |  4- 6 |  7- 9 | 10-12 | 13-15 | 16-18 | 19-21 | 22-24 | 25-27 || total
-------------------------+-------+-------+-------+-------+-------+-------+-------+-------+-------++-------
Melee: Mace              |   103 |   167 |   506 |       |       |       |       |       |       ||   776
       Morningstar       |       |       |     8 |   269 |   942 |       |       |       |       ||  1219
       Whip              |       |       |       |    58 |       |       |       |       |       ||    58
       Flail             |       |       |       |   847 |   756 |  1862 |  1216 |       |       ||  4681
       Great mace        |       |       |       |       |       |       |   532 |  1594 |  3524 ||  5650
Throw: Stone             |       |    18 |       |       |       |       |       |       |       ||    18
       Javelin           |       |     2 |     4 |     3 |     1 |       |     3 |       |       ||    13
       Throwing net      |       |       |       |     4 |       |     1 |       |       |       ||     5
Invok: Depart the Abyss  |     1 |       |       |       |       |     1 |     1 |       |     2 ||     5
       Bend Space        |       |     1 |       |     1 |       |     4 |     1 |       |     6 ||    13
       Banish            |       |       |     5 |    19 |     9 |    14 |     8 |       |     8 ||    63
       Enter the Abyss   |       |       |       |       |       |     1 |     1 |       |     4 ||     6
       Corrupt           |       |       |       |       |       |       |       |       |     2 ||     2
 Abil: Dig               |       |     4 |    13 |    19 |    23 |     6 |    12 |    11 |    69 ||   157
       Shaft Self        |       |     1 |       |       |     4 |       |     1 |       |       ||     6
Evoke: Wand              |       |       |     6 |     2 |    21 |       |       |       |       ||    29
       Fan of gales      |       |       |       |       |     1 |       |       |       |       ||     1
       Lamp of fire      |       |       |       |       |     1 |       |       |       |       ||     1
  Use: Scroll            |     3 |     5 |    10 |    11 |     9 |     6 |     8 |     2 |    26 ||    80
       Potion            |       |       |     6 |     3 |     5 |     6 |     5 |     3 |    15 ||    43
 Stab: Distracted        |       |     1 |       |       |       |       |       |     1 |     3 ||     5
       Invisible         |       |       |     3 |       |       |       |       |       |       ||     3
       Held in net/web   |       |       |       |     1 |       |     3 |       |       |       ||     4
       Paralysed         |       |       |       |       |    13 |       |       |       |       ||    13
  Eat: Chunk             |     2 |     6 |    13 |    20 |    23 |    35 |    22 |    31 |    44 ||   196
       Fruit             |       |     3 |     4 |       |       |    17 |     8 |     4 |       ||    36
       Meat ration       |       |     1 |     3 |     5 |     6 |       |     2 |       |     8 ||    25
       Royal jelly       |       |       |     4 |     3 |     1 |     6 |     1 |     3 |       ||    18
       Bread ration      |       |       |       |       |     4 |       |       |       |       ||     4
Armor: Leather armour    |    34 |    24 |       |       |       |       |       |       |       ||    58
       Ring mail         |       |    34 |   163 |       |       |       |       |       |       ||   197
       Chain mail        |       |       |     7 |       |    77 |   701 |   514 |   221 |    12 ||  1532
       Plate armour      |       |       |       |   664 |   640 |       |       |       |   117 ||  1421
       Gold dragon scale |       |       |       |       |       |       |       |       |  1010 ||  1010
Dodge: Dodged            |    90 |   107 |   260 |   301 |   280 |   389 |   477 |   484 |  1185 ||  3573
       Deflected         |       |       |    11 |    19 |     8 |    13 |    15 |    31 |   108 ||   205
Block: Large shield      |       |       |       |       |   694 |  1784 |  1612 |  1151 |  2817 ||  8058
